 Dungeon Crawl Stone Soup version 0.30.0-20-g3b4254fcbd (webtiles) character file.

Game seed: 10467192592530279636

51582 Irreverend the Marksspriggan (level 14, 0/77 HPs)
             Began as a Spriggan Hunter on June 3, 2023.
             Was a High Priest of Okawaru.
             Slain by a wolf spider (22 damage)
             ... in the Arena.
             The game lasted 01:06:40 (24276 turns).

Irreverend the Marksspriggan (Spriggan Hunter)     Turns: 24276, Time: 01:06:40

Health: 0/77       AC:  4    Str:  7    XL:     14   Next: 24%
Magic:  14/21      EV: 33    Int: 17    God:    Okawaru [*****.]
Gold:   1645       SH:  0    Dex: 23    Spells: 13/13 levels left

rFire   . . .        a - +3 arbalest of the Equator {flame, Contam rC+ Int+6}
rCold   + + .        (shield currently unavailable)
rNeg    + . .        U - +2 robe {rN+}
rPois   +            L - +1 hat {Will+}
rElec   .            S - +2 cloak {rPois}
rCorr   .            (gloves unavailable)
SInv    +            (boots unavailable)
Will    +++..        f - amulet of the acrobat
Stlth   ++           x - +4 ring of protection
HPRegen 0.32/turn    H - ring of protection from cold
MPRegen 0.17/turn

%: acrobat
@: corroded, duelling, very quick
A: very small, no large weapons, unfitting armour, see invisible, speed 3
a: Renounce Religion, Heroism, Finesse, Duel


You were in the Arena.
You worshipped Okawaru.
Okawaru was extremely pleased with you.
You visited 4 branches of the dungeon, and saw 19 of its levels.

You collected 2045 gold pieces.
You spent 400 gold pieces at shops.

Inventory:

Hand Weapons
 a - the +3 arbalest of the Equator (weapon) {flame, Contam rC+ Int+6}
   (Okawaru gifted it to you on level 2 of the Orcish Mines)

   Int:       It affects your intelligence (+6).
   rC:        It protects you from cold.
   Contam:    It causes magical contamination when unequipped.
 O - a +1 heavy arbalest
Armour
 v - a scarf of harm
 L - a +1 hat of willpower (worn)
 S - a +2 cloak of poison resistance (worn)
 U - a +2 robe of positive energy (worn)
Jewellery
 e - an amulet of guardian spirit
 f - an amulet of the acrobat (around neck)
 n - the amulet "Dukhlas" {Faith Fragile rN++}
   (You found it on level 2 of the Dungeon)

   [amulet of faith]

   It allows you to gain divine favour quickly.
   rN:        It greatly protects you from negative energy.
   Fragile:   It will be destroyed if unequipped.
 x - a +4 ring of protection (left hand)
 F - a +6 ring of intelligence
 H - a ring of protection from cold (right hand)
Wands
 j - a wand of digging (11)
 p - a wand of flame (14)
 M - a wand of iceblast (6)
 N - a wand of mindburst (6)
 Q - a wand of light (10)
Scrolls
 b - 5 scrolls of immolation
 k - 3 scrolls of poison
 m - a scroll of magic mapping
 q - a scroll of silence
 s - a scroll of acquirement {unknown}
 t - 7 scrolls of teleportation
 u - 2 scrolls of enchant armour
 w - a scroll of blinking
 C - a scroll of amnesia {unknown}
Potions
 d - 7 potions of flight
 g - 2 potions of magic
 h - 3 potions of degeneration
 i - 6 potions of haste
 l - 10 potions of curing
 o - 5 potions of might
 r - a potion of brilliance
 z - 3 potions of mutation
 B - a potion of ambrosia
 D - 3 potions of lignification {unknown}
 G - 4 potions of heal wounds
 K - a potion of berserk rage {unknown}
 P - 2 potions of cancellation {unknown}
 R - a potion of attraction {unknown}
Miscellaneous
 c - a lightning rod (4/4)


   Skills:
 + Level 10.3 Fighting
 * Level 17.1 Ranged Weapons
 + Level 15.5 Dodging
 - Level 1.5 Stealth
 + Level 8.5 Invocations


You had 13 spell levels left.
You didn't know any spells.
Your spell library contained the following spells:

 Spells                   Type           Power      Damage    Failure   Level
 Beastly Appendage        Tmut           0%         N/A       24%         1
 Shock                    Conj/Air       0%         1d3       24%         1
 Slow                     Hex            0%         N/A       24%         1
 Sublimation of Blood     Necr           0%         N/A       34%         2
 Wereblood                Tmut           0%         N/A       34%         2
 Confusing Touch          Hex            0%         N/A       56%         3
 Dazzling Flash           Conj/Hex       0%         N/A       56%         3
 Ozocubu's Armour         Ice            0%         N/A       56%         3
 Portal Projectile        Hex/Tloc       0%         N/A       56%         3
 Spider Form              Tmut/Pois      0%         N/A       56%         3
 Swiftness                Air            0%         N/A       56%         3
 Vampiric Draining        Necr           0%         2d6       56%         3
 Airstrike                Air            0%         2d(0-16)  93%         4
 Agony                    Necr           0%         N/A       100%        5
 Blade Hands              Tmut           0%         N/A       100%        5
 Metabolic Englaciation   Hex/Ice        0%         N/A       100%        5
 Silence                  Hex/Air        0%         N/A       100%        5
 Tukima's Dance           Hex            Unusable   N/A       N/A         3
 Simulacrum               Ice/Necr       Unusable   N/A       N/A         6
 Summon Hydra             Summ           Unusable   N/A       N/A         7

Dungeon Overview and Level Annotations

Branches:
Dungeon (11/15)            Temple (0/1) D:4            Lair (5/5) D:10
 Shoals (0/4) Lair:3       Spider (1/4) Lair:2        Slime (0/5) Lair:5
    Orc (2/2) D:11            Elf (0/3) Orc:2

Altars:
Dithmenos
Elyvilon
Fedhas
Gozag
Hepliaklqana
Kikubaaqudgha
Nemelex Xobeh
Okawaru
Qazlal
Ru
Sif Muna
Uskayaw
Yredelemnul
Zin
The Shining One
Jiyva

Shops:
Orc:2 (**?*!*!!

Annotations:
D:3 1 runed translucent door, cheesebisquit's ghost, amateur TrFi
D:8 1 runed translucent door
Lair:2 3 runed translucent doors, nroviw's ghost, novice DrCj
Lair:3 1 runed translucent door
Lair:5 1 runed translucent door


Innate Abilities, Weirdness & Mutations

You are very small and have problems with some larger weapons.
You are too small for most types of armour.
You have supernaturally acute eyesight. (SInv)
You cover ground extremely quickly. (Speed+++)


Message History

The jumping spider completely misses you.
The jumping spider leaps!
You shoot a bolt. The bolt hits the wolf spider!!
The bolt burns the wolf spider.
The wolf spider is heavily wounded.
The jumping spider leaps!
The wolf spider hits you! The wolf spider completely misses you.
You are too injured to fight recklessly!
The jumping spider leaps!
The jumping spider leaps!
You are too injured to fight recklessly!
Fire: a) +3 arbalest of the Equator {flame, Contam rC+ Int+6}
Press: ? - help, Q - select action, (/) - cycle Shift-Dir - straight line, f/p - wolf spider
Aim: a wolf spider (heavily wounded, 73% to hit)
You shoot a bolt. The bolt barely misses the wolf spider.
The bolt hits the redback!
The bolt burns the redback.
The redback is heavily wounded.
The jumping spider leaps!
The wolf spider completely misses you. The wolf spider barely misses you.
Fire: a) +3 arbalest of the Equator {flame, Contam rC+ Int+6}
Press: ? - help, Q - select action, (/) - cycle Shift-Dir - straight line, f/p - wolf spider
Aim: a wolf spider (heavily wounded, 73% to hit)
You shoot a bolt.
The bolt hits the wolf spider but does no damage.
The wolf spider is heavily wounded.
The wolf spider barely misses you. The wolf spider bites you!
* * * LOW HITPOINT WARNING * * *
The redback barely misses you. The wolf spider misses you.
The wolf spider completely misses you.
Aiming: Duel (24% risk of failure)
Press: ? - help, Dir - move target, f/p - wolf spider
Aim: a wolf spider (moderately wounded)
You enter into single combat with the wolf spider!
The world spins around you as you enter the gateway.
You enter Okawaru's Arena!
The spectator shouts! x3
The wolf spider hits you!!
You die...
Okawaru crowns the wolf spider victorious!

###############
#p.▓.p▓∩▓p.▓.p#
#▓▓▓▓▓▓▓▓▓▓▓▓▓#
#......s......#
#.8....@....8.#
#.............#
#▓▓▓▓▓▓▓▓▓▓▓▓▓#
#..pp..▓..pp..#
###############


You could see a wolf spider.

Vanquished Creatures
  Gastronok (Lair:3)
  Snorg (Lair:4)
  2 catoblepae
  3 hydras
  2 two-headed ogres
  A boulder beetle (Lair:5)
  A death yak (Lair:5)
  2 orc high priests
  Sonja (Lair:1)
  11 spriggans (Lair:5)
  5 skysharks
  Pikel (D:9)
  An orc knight (Orc:1)
  8 orc sorcerers
  Maurice (Orc:1)
  2 cyclopes
  4 elephants
  7 black mambas
  12 cane toads
  An unseen horror (D:11)
  3 rime drakes
  6 komodo dragons
  5 trolls
  6 polar bears (Lair:5)
  5 hornets (Lair:5)
  A dream sheep (Lair:5)
  9 blink frogs
  A jumping spider (Lair:2)
  A slime creature (D:9)
  A shadow (D:10)
  8 wyverns
  11 yaks (Lair:5)
  3 fire bats (Lair:5)
  A wraith (D:10)
  5 basilisks
  A redback (Lair:2)
  2 steam dragons (D:7)
  2 wargs (D:9)
  Edmund (D:6)
  An acid dragon (D:11)
  10 water moccasins
  24 orc warriors
  2 ice beasts
  3 black bears
  4 boggarts (Lair:5)
  3 sky beasts (D:7)
  5 centaurs
  5 ogres
  30 wolves
  3 lemures (D:9)
  2 phantoms (D:5)
  5 kobold brigands
  18 bullfrogs
  A scorpion (D:5)
  A gnoll sergeant (D:8)
  3 electric eels (Lair:5)
  4 lava snakes (Lair:5)
  40 orc priests
  9 jellies
  5 hounds
  Crazy Yiuf (D:7)
  3 gnoll boudas
  4 iguanas
  A scorpion zombie (D:3)
  29 orc wizards
  22 gnolls
  5 adders
  14 white imps
  3 worms
  3 dart slugs
  70 orcs
  9 bats
  20 endoplasms
  7 goblins
  6 hobgoblins
  7 jackals
  30 kobolds
  2 quokkas
  7 ball pythons
  3 frilled lizards
  A quokka zombie (D:3)
  6 rats
570 creatures vanquished.

Notes
Turn   | Place    | Note
-------+----------+-------------------------------------------
     0 | D:1      | Irreverend the Spriggan Hunter began the quest for the Orb.
     0 | D:1      | Reached XP level 1. HP: 10/10 MP: 2/2
   123 | D:1      | Reached XP level 2. HP: 15/15 MP: 3/3
   129 | D:1      | Found a faded altar of an unknown god.
   559 | D:2      | Identified the amulet "Dukhlas" {Faith Fragile rN++}
   638 | D:2      | You fall into a shaft and drop 2 floors!
   659 | D:3      | Reached XP level 3. HP: 18/18 MP: 4/4
   857 | D:2      | Reached XP level 4. HP: 22/23 MP: 5/5
  1069 | D:2      | Reached skill level 5 in Ranged Weapons
  1423 | D:3      | Found a basalt altar of Yredelemnul.
  1472 | D:3      | Found a runed translucent door.
  1476 | D:3      | Noticed cheesebisquit's ghost (amateur TrFi)
  1731 | D:4      | Reached XP level 5. HP: 27/27 MP: 6/6
  1738 | D:4      | Found a glowing golden altar of the Shining One.
  1763 | D:4      | Found a hide-covered altar of Uskayaw.
  1837 | D:4      | Found a hazy altar of Hepliaklqana.
  1842 | D:4      | Found an iron altar of Okawaru.
  1843 | D:4      | Found an ancient bone altar of Kikubaaqudgha.
  1845 | D:4      | Found a shimmering blue altar of Sif Muna.
  1845 | D:4      | Found a sacrificial altar of Ru.
  1846 | D:4      | Found a stormy altar of Qazlal.
  1848 | D:4      | Found a glowing silver altar of Zin.
  1852 | D:4      | Became a worshipper of Warmaster Okawaru
  2006 | D:4      | Noticed a black bear
  2061 | D:4      | Killed a black bear
  2062 | D:4      | Reached skill level 6 in Ranged Weapons
  2062 | D:4      | Reached XP level 6. HP: 23/32 MP: 7/7
  2235 | D:4      | Found a staircase to the Ecumenical Temple.
  2553 | D:5      | Entered Level 5 of the Dungeon
  2575 | D:5      | Reached skill level 5 in Dodging
  2789 | D:5      | Reached * piety under Okawaru
  2790 | D:5      | Reached XP level 7. HP: 36/36 MP: 8/8
  3044 | D:5      | Reached skill level 7 in Ranged Weapons
  3106 | D:5      | Identified the staff of air "Nedehoso" {rElec rPois rCorr}
  3439 | D:6      | Noticed Edmund
  3472 | D:6      | Killed Edmund
  3713 | D:5      | Reached XP level 8. HP: 23/42 MP: 9/9
  3854 | D:6      | Reached ** piety under Okawaru
  3855 | D:6      | Reached skill level 8 in Ranged Weapons
  4223 | D:6      | Found an opulent altar of Gozag.
  4612 | D:7      | Reached skill level 9 in Ranged Weapons
  4664 | D:7      | Reached skill level 5 in Fighting
  4754 | D:7      | Reached *** piety under Okawaru
  4755 | D:7      | Reached XP level 9. HP: 47/47 MP: 10/10
  5770 | D:7      | Found a runed translucent door.
  5771 | D:7      | Noticed Crazy Yiuf
  5819 | D:7      | Killed Crazy Yiuf
  6296 | D:8      | Reached skill level 10 in Ranged Weapons
  6970 | D:8      | Found a runed translucent door.
  6970 | D:8      | Noticed a sixfirhy
  7299 | D:8      | Found a blossoming altar of Fedhas.
  7937 | D:8      | Found a sparkling altar of Nemelex Xobeh.
  8476 | D:9      | Noticed a troll
  8490 | D:9      | Killed a troll
  8491 | D:9      | Reached skill level 11 in Ranged Weapons
  8549 | D:9      | Noticed Pikel
  8669 | D:9      | Killed Pikel
  8669 | D:9      | Reached **** piety under Okawaru
  8670 | D:9      | Reached XP level 10. HP: 53/53 MP: 11/11
  8699 | D:9      | Found a white marble altar of Elyvilon.
  8760 | D:9      | Reached skill level 10 in Dodging
  9407 | D:9      | Reached ***** piety under Okawaru
  9441 | D:10     | Entered Level 10 of the Dungeon
  9649 | D:10     | Noticed a two-headed ogre
  9680 | D:10     | Found a staircase to the Lair.
  9693 | D:10     | Killed a two-headed ogre
  9696 | D:10     | Reached skill level 12 in Ranged Weapons
 10259 | D:10     | Identified the +3 scimitar "Elai" {pain, +Blink Dex+4}
                  | (Okawaru gifted it to you on level 10 of the Dungeon)
 10259 | D:10     | Received a gift from Okawaru
 10375 | D:10     | Found a shadowy altar of Dithmenos.
 10725 | D:11     | Reached XP level 11. HP: 52/58 MP: 12/12
 11207 | D:11     | Reached skill level 1 in Invocations
 11322 | D:11     | Found a staircase to the Orcish Mines.
 11793 | Lair:1   | Entered Level 1 of the Lair of Beasts
 11859 | D:10     | Reached skill level 13 in Ranged Weapons
 11958 | D:10     | Received a gift from Okawaru
 12305 | Lair:1   | Noticed Sonja
 12336 | Lair:1   | Killed Sonja
 13698 | Lair:2   | Found a hole to the Spider Nest.
 13954 | Lair:2   | Reached skill level 14 in Ranged Weapons
 14042 | Lair:2   | Found a runed translucent gate.
 14042 | Lair:2   | Found a runed translucent gate.
 14042 | Lair:2   | Found a runed translucent gate.
 14043 | Lair:2   | Found a viscous altar of Jiyva.
 14043 | Lair:2   | Noticed nroviw's ghost (novice DrCj)
 14177 | Lair:2   | Reached XP level 12. HP: 65/65 MP: 16/16
 14588 | Lair:2   | Identified the +2 long sword of Interdependent Arising
                  | {heavy, rC+}
 15095 | Lair:3   | Received a gift from Okawaru
 15182 | Lair:3   | Noticed a catoblepas
 15207 | Lair:3   | Killed a catoblepas
 15216 | Lair:3   | Reached skill level 5 in Invocations
 15269 | Lair:3   | Noticed Gastronok
 15280 | Lair:3   | Killed Gastronok
 15488 | Lair:3   | Found a staircase to the Shoals.
 15845 | Lair:3   | Noticed a catoblepas
 15869 | Lair:3   | Found a runed translucent door.
 16283 | Lair:4   | Noticed an eight-headed hydra
 16293 | Lair:4   | Killed an eight-headed hydra
 16538 | Lair:4   | Reached skill level 15 in Ranged Weapons
 17447 | Lair:5   | Entered Level 5 of the Lair of Beasts
 17463 | Lair:5   | Noticed a boulder beetle
 17466 | Lair:5   | Killed a boulder beetle
 17535 | Lair:5   | Noticed a catoblepas
 17578 | Lair:5   | Killed a catoblepas
 17578 | Lair:5   | Received a gift from Okawaru
 17579 | Lair:5   | Reached XP level 13. HP: 45/70 MP: 18/18
 17721 | Lair:5   | Noticed Snorg
 17793 | Lair:4   | Killed Snorg
 18008 | Lair:5   | Found a frozen archway.
 18306 | Lair:5   | Found a runed translucent door.
 18307 | Lair:5   | Found a staircase to the Slime Pits.
 18491 | Lair:5   | Reached ****** piety under Okawaru
 18727 | Lair:4   | Identified the scarf "Rusmuh" {harm, rElec rCorr} (Okawaru
                  | gifted it to you on level 4 of the Lair of Beasts)
 18727 | Lair:4   | Received a gift from Okawaru
 18728 | Lair:4   | Reached skill level 16 in Ranged Weapons
 20149 | Lair:5   | Reached skill level 15 in Dodging
 20232 | Lair:5   | Reached skill level 10 in Fighting
 21240 | Orc:1    | Entered Level 1 of the Orcish Mines
 21459 | Orc:1    | Noticed Maurice
 21463 | Orc:1    | Killed Maurice
 22298 | Orc:1    | Reached XP level 14. HP: 77/77 MP: 21/21
 22686 | Orc:2    | Entered Level 2 of the Orcish Mines
 22768 | Orc:2    | Found Lesont's Distillery.
 22776 | Orc:2    | Identified the +3 arbalest of the Equator {flame, Contam
                  | rC+ Int+6} (Okawaru gifted it to you on level 2 of the
                  | Orcish Mines)
 22776 | Orc:2    | Received a gift from Okawaru
 22840 | Orc:2    | Found Hiemn's Magic Scroll Emporium.
 23037 | Orc:2    | Reached skill level 17 in Ranged Weapons
 23138 | Orc:2    | Found Hasoazxo's Assorted Antiques.
 23138 | Orc:2    | Found Piwirhar's Assorted Antiques.
 23141 | Orc:2    | Found Zounlukk's Distillery.
 23143 | Orc:2    | Found Kuteadder's General Store.
 23267 | Orc:2    | Found Tihos's Distillery.
 23365 | Orc:2    | Found Eniyngy's General Store.
 23393 | Orc:2    | Found Xujurgh's Weapon Boutique.
 23653 | Orc:2    | Found a staircase to the Elven Halls.
 24042 | Orc:2    | Bought a scroll of teleportation for 45 gold pieces
 24042 | Orc:2    | Bought a scroll of blinking for 112 gold pieces
 24042 | Orc:2    | Bought a scroll of teleportation for 45 gold pieces
 24055 | Orc:2    | Bought a potion of curing for 36 gold pieces
 24055 | Orc:2    | Bought a potion of heal wounds for 60 gold pieces
 24055 | Orc:2    | Bought a potion of curing for 36 gold pieces
 24055 | Orc:2    | Bought a potion of curing for 36 gold pieces
 24068 | Orc:2    | Bought a scroll of identify for 30 gold pieces
 24237 | Spider:1 | Entered Level 1 of the Spider Nest
 24276 | Arena    | Entered the Arena
 24276 | Arena    | Slain by a wolf spider

Illustrated notes

Levels and vault maps discovered:
D:1:      onia_arrival_pentagram, layout_basic, ebering_ecumenical_altar_ruins
D:2:      layout_rooms
D:3:      layout_rooms, lemuel_zombie_altar_yredelemnul,
          ebering_ghost_reflecting_pool
D:4:      black_bear_nest_2, layout_basic, kennysheep_mini_moat,
          mainiacjoe_overflow_tiny_flanked,
          nicolae_overflow_hallway_of_the_gods, minmay_temple_entry_fiery
D:5:      layout_loops_cross
D:6:      layout_rooms, lemuel_round_altar, uniq_edmund
D:7:      layout_gridville, uniq_crazy_yiuf_cottage
D:8:      cheibrodos_shockbox, layout_layer_cave, general_overflow_altar,
          fedhas_bush_and_centaur_altar
D:9:      lemuel_slime, layout_loops_ring, amcnicky_altar_gilded, uniq_pikel
D:10:     layout_cross, grunt_dithmenos_smoke_and_mirrors,
          erik_lair_orcish_takeover, serial_bayou_lagoon_a, minivault_26,
          kennysheep_generic_room_11
D:11:     layout_irregular_city, david_orc_4
Lair:1:   layout_regular_city, uniq_sonja
Lair:2:   layout_cave_pods, spider_nest_entry_a, gammafunk_ghost_ooze,
          infiniplex_staircase_pool_2, grunt_megastairs_3
Lair:3:   gammafunk_lair_enchanted_lake, layout_loops_ring,
          minmay_shoals_entry_centaurs, uniq_gastronok
Lair:4:   layout_cave_pods
Lair:5:   minmay_lair_end_enchanted_forest, layout_gridlike, slime_entry_2,
          portal_ice_cave_entry_imps, nicolae_lair_liquid_snakes, uniq_snorg
Spider:1: layout_spider_delve
Orc:1:    layout_caves, basic_altar, minmay_orc_temple_c, uniq_maurice
Orc:2:    st_orc_mages, layout_diamond_mine, serial_shops,
          nicolae_shop_advertising_works [nicolae_subvault_shop_adworks],
          shop_coins, shop, shop, shop
Arena

Skill      XL: |  1  2  3  4  5  6  7  8  9 10 11 12 13 14 |
---------------+-------------------------------------------+-----
Dodging        | 3 4 5 6 8 9 11 12 14 15 | 15.5
Fighting       | 2 3 4 5 6 7 8 9 10 | 10.3
Ranged Weapons | 5 6 7 9 11 12 14 15 16 17 | 17.1
Invocations    | 4 6 8 |  8.5
Stealth        | |  1.5

Action                     |  1- 3 |  4- 6 |  7- 9 | 10-12 | 13-15 || total
---------------------------+-------+-------+-------+-------+-------++-------
   Fire: Shortbow          |    88 |   163 |   542 |   129 |       ||   922
         Arbalest          |       |       |       |   554 |   524 ||  1078
 Invoke: Heroism           |       |       |     5 |     5 |     4 ||    14
         Finesse           |       |       |       |     2 |       ||     2
         Duel              |       |       |       |       |     1 ||     1
    Use: Scroll            |       |       |     8 |    12 |     2 ||    22
         Potion            |       |       |     1 |       |       ||     1
 Armour: Robe              |     2 |     8 |     9 |    31 |    27 ||    77
  Dodge: Dodged            |    20 |    34 |   160 |   507 |   269 ||   990
